 Dungeon Sprint DCSS version 0.21-a0-104-g7b58145 (webtiles) character file.

2979 Kidiri the Covert (level 9, -9/45 (47) HPs)
             Began as a Spriggan Enchanter on July 6, 2017.
             Was a Believer of Dithmenos.
             Killed from afar by a hell hog (40 damage)
             ... with a fireball
             ... in the Dungeon (Sprint II: "The Violet Keep of Menkaure").
             The game lasted 00:06:24 (741 turns).

Kidiri the Covert (Spriggan Enchanter)               Turns: 741, Time: 00:06:25

HP:   -9/45 (47)    AC:  2    Str:  4    XL:     9   Next: 53%
MP:   5/25          EV: 29    Int: 18    God:    Dithmenos [**....]
Gold: 394           SH:  6    Dex: 18    Spells: 10/30 levels left

rFire    . . .     SeeInvis +   a - +1 dagger
rCold    . . .     Gourm    .   k - +0 buckler
rNeg     . . .     Faith    .   b - +0 robe
rPois    .         Spirit   .   (helmet restricted)
rElec    .         Reflect  .   l - scarf {repulsion}
rCorr    .         Harm     .   (gloves unavailable)
MR       +....     NoTele   +   (boots unavailable)
Stlth    +++++++...             (no amulet)
HPRegen  0.15/turn              (no ring)
MPRegen  0.19/turn              (no ring)

@: wreathed by umbra, repel missiles, very quick
A: unfitting armour, see invisible, herbivore 3, speed 3, slow metabolism 2
a: Shadow Step, Renounce Religion


You were in the Dungeon.
You worshipped Dithmenos.
Dithmenos was pleased with you.
You were not hungry.

You visited 1 branch You collected 1215 gold pieces.
You spent 821 gold pieces at shops.

Inventory:

Hand Weapons
 a - a +1 dagger (weapon)
Armour
 b - a +0 robe (worn)
 k - a +0 buckler (worn)
 l - a scarf of repulsion (worn)
 n - a +2 cloak
Scrolls
 j - 2 scrolls of blinking
 m - a scroll of identify
Potions
 e - a potion of curing
 f - a potion of heal wounds
 g - a potion of haste
 h - 2 potions of magic
Books
 c - a book of Maledictions

   Spells                             Type                      Level
   a - Corona                         Hexes                        1
   b - Ensorcelled Hibernation        Hexes/Ice                    2
   c - Confuse                        Hexes                        3
   d - Tukima's Dance                 Hexes                        3
   e - Dazzling Spray                 Conjuration/Hexes            3
 i - a book of Geomancy

   Spells                             Type                      Level
   a - Sandblast                      Earth                        1
   b - Passwall                       Transmutation/Earth          2
   c - Stone Arrow                    Conjuration/Earth            3
   d - Petrify                        Transmutation/Earth          4
   e - Lee's Rapid Deconstruction     Earth                        5
Comestibles
 d - a bread ration


   Skills:
 + Level 5.2 Fighting
 * Level 10.0 Short Blades
 + Level 4.8 Armour
 * Level 12.9 Dodging
 * Level 14.2 Stealth
 + Level 2.2 Shields
 * Level 11.3 Spellcasting
 + Level 2.3 Conjurations
 + Level 8.6 Hexes
 + Level 3.0 Earth Magic


You had 10 spell levels left.
You knew the following spells:

 Your Spells              Type           Power        Failure   Level  Hunger
a - Corona                Hex            #####..      1%          1    None
b - Ensorcelled Hibernat  Hex/Ice        ####..       2%          2    None
c - Confuse               Hex            #####...     1%          3    None
d - Tukima's Dance        Hex            #####...     1%          3    None
e - Dazzling Spray        Conj/Hex       ####..       3%          3    None
f - Stone Arrow           Conj/Erth      ###...       10%         3    None
g - Lee's Rapid Deconstr  Erth           ###.......   61%         5    ####...


Dungeon Overview and Level Annotations

Branches:
Dungeon (1/1)

Altars:
Cheibriados
Dithmenos
Elyvilon
Fedhas
Gozag
Hepliaklqana
Kikubaaqudgha
Makhleb
Nemelex Xobeh
Okawaru
Qazlal
Ru
Sif Muna
Trog
Uskayaw
Vehumet
Wu Jian
Xom
Yredelemnul
Zin
The Shining One
Beogh
Jiyva
Lugonu

Shops:
D :*:[!*(}?(%![%==

Annotations:
D exclusion: oklob plant, Roxanne


Innate Abilities, Weirdness & Mutations

You are very small and have problems with some larger weapons.
You are too small for most types of armour.
You have supernaturally acute eyesight. (SInv)
You are a herbivore.
You cover ground extremely quickly.
You need consume almost no food.


Message History

Confirm with . or Enter, or press ? or * to list all spells.
Aiming: Ensorcelled Hibernation
Press: ? - help, Shift-Dir - straight line, f - hell hog
Aim: a hell hog (umbra, chance to defeat MR: 37%)
The hell hog easily resists.
You hit the hell hog.
The hell hog is lightly wounded.
The hell hog closely misses you.
Casting: Ensorcelled Hibernation
Confirm with . or Enter, or press ? or * to list all spells.
Aiming: Dazzling Spray
Press: ? - help, Shift-Dir - straight line, p - hell hog The spray of energy hits the hell hog.
The hell hog is lightly wounded.
The hell hog is dazzled.
The spray of energy hits the hell hog.
The hell hog is lightly wounded.
The hell hog breathes fire at you.
The fireball explodes!
The fireball engulfs you!
Ouch! That really hurt!
You die... +#### §§§§.≈≈## §≈z§zz≈## ≈§z§§z≈≈##++## # z§§§≈≈##≈...### #≈## zzzz

e≈.....#
#≈≈#+++#+++#####h^..#
≈≈≈.........#$.h@...#
≈≈≈≈.##+##..#./####.#
≈≈≈≈##...##.####†.+.###
≈≈≈≈#††#..# ...#..#...####
≈≈####.#.####..#####..##.#


(=$)! ≈##.###+###.##..#†.+..#..#▓%!$![ ≈#.).##.###..#..#.†#..#..#▓[?$$!
≈+.#.+.<.+##.+..####..##)#▓$$?($ ≈#...##.##.#.#....###..†##▓▓▓▓▓▓ You could see
2 hell hogs.

Vanquished Creatures
  A merfolk siren (D)
  A yaktaur (D)
  3 polar bears (D)
  A hornet (D)
  3 hippogriffs (D)
  2 neqoxecs (D)
  Menkaure (D)
  A vampire mosquito (D)
  3 black bears (D)
  4 necrophages (D)
  A crocodile (D)
  4 worker ants (D)
25 creatures vanquished.

Vanquished Creatures (others)
  2 neqoxecs (D)
2 creatures vanquished.

Grand Total: 27 creatures vanquished

Notes
Turn   | Place    | Note
-------+----------+-------------------------------------------
     0 | D        | Kidiri the Spriggan Enchanter began the quest for the Orb.
     0 | D        | Reached XP level 1. HP: 9/9 MP: 5/5
     1 | D        | Noticed a worker ant
     1 | D        | Noticed a worker ant
     4 | D        | Noticed a neqoxec
     6 | D        | Noticed a neqoxec
    14 | D        | Killed a neqoxec
    14 | D        | Reached skill level 1 in Armour
    14 | D        | Reached skill level 7 in Stealth
    14 | D        | Reached skill level 5 in Spellcasting
    14 | D        | Reached skill level 5 in Hexes
    14 | D        | Reached XP level 2. HP: 5/15 MP: 5/9
    14 | D        | Reached XP level 3. HP: 6/18 MP: 6/11
    14 | D        | Reached XP level 4. HP: 8/23 MP: 6/12
    18 | D        | Killed a neqoxec
    18 | D        | Reached skill level 5 in Short Blades
    18 | D        | Reached skill level 9 in Stealth
    18 | D        | Reached XP level 5. HP: 10/27 MP: 6/15
    24 | D        | Learned a level 2 spell: Ensorcelled Hibernation
    28 | D        | Learned a level 3 spell: Confuse
    32 | D        | Learned a level 3 spell: Tukima's Dance
    36 | D        | Learned a level 3 spell: Dazzling Spray
    36 | D        | Killed a neqoxec
    49 | D        | Killed a neqoxec
   225 | D        | Noticed Menkaure
   229 | D        | Killed Menkaure
   250 | D        | Noticed a necrophage
   250 | D        | Noticed a necrophage
   250 | D        | Noticed a necrophage
   250 | D        | Noticed a necrophage
   253 | D        | Noticed a merfolk siren
   258 | D        | Killed a merfolk siren
   258 | D        | Reached skill level 11 in Stealth
   258 | D        | Reached XP level 6. HP: 32/32 MP: 15/18
   258 | D        | Reached XP level 7. HP: 36/36 MP: 15/19
   275 | D        | Reached skill level 10 in Dodging
   433 | D        | Reached skill level 12 in Stealth
   435 | D        | Reached XP level 8. HP: 40/40 MP: 20/22
   438 | D        | Noticed a flying skull
   438 | D        | Noticed a flying skull
   438 | D        | Noticed a flying skull
   438 | D        | Noticed a flying skull
   439 | D        | Noticed a flying skull
   439 | D        | Noticed a flying skull
   439 | D        | Noticed a flying skull
   439 | D        | Noticed a flying skull
   440 | D        | Noticed a flying skull
   440 | D        | Noticed a flying skull
   440 | D        | Noticed a flying skull
   441 | D        | Found Pecuoguwagi's Jewellery Boutique.
   443 | D        | Noticed a flying skull
   463 | D        | Noticed Roxanne
   470 | D        | Found Huysobb's Jewellery Shop.
   471 | D        | Found Wesirat's Food Boutique.
   472 | D        | Found Patrepn's Distillery.
   472 | D        | Found Onacipie's Antique Armour Shop.
   473 | D        | Found Ruischuwe's Antique Weapon Boutique.
   473 | D        | Found Caneluoss's Food Boutique.
   485 | D        | Found Haiw's Gadget Shop.
   487 | D        | Found Linnavvi's Magic Scroll Shop.
   488 | D        | Found Weguipp's Antique Weapon Shop.
   488 | D        | Found Binlonui's Assorted Antiques.
   489 | D        | Noticed a manticore
   492 | D        | Noticed a manticore
   493 | D        | Found Taroder's Distillery.
   493 | D        | Found Cuxeuck's Antique Armour Boutique.
   493 | D        | Noticed a manticore
   493 | D        | Noticed an oklob plant
   494 | D        | Found Sobre's General Store.
   494 | D        | Found Caulejem's Book Boutique.
   494 | D        | Found Baifam's Book Shoppe.
   497 | D        | Noticed an unseen horror
   514 | D        | Noticed a fire dragon
   520 | D        | Bought a book of Geomancy for 420 gold pieces
   522 | D        | Noticed an unseen horror
   528 | D        | Learned a level 3 spell: Stone Arrow
   534 | D        | Learned a level 5 spell: Lee's Rapid Deconstruction
   548 | D        | Bought a buckler for 90 gold pieces
   548 | D        | Bought an embroidered scarf for 160 gold pieces
   566 | D        | Bought a scroll of identify for 24 gold pieces
   572 | D        | Bought an embroidered cloak for 127 gold pieces
   632 | D        | Found a snail-covered altar of Cheibriados.
   638 | D        | Found a shadowy altar of Dithmenos.
   639 | D        | Found a white marble altar of Elyvilon.
   639 | D        | Found an ancient bone altar of Kikubaaqudgha.
   639 | D        | Found a roughly hewn altar of Beogh.
   639 | D        | Found a viscous altar of Jiyva.
   640 | D        | Found a blossoming altar of Fedhas.
   640 | D        | Found a corrupted altar of Lugonu.
   640 | D        | Found a deep blue altar of Sif Muna.
   641 | D        | Found an opulent altar of Gozag.
   641 | D        | Found a burning altar of Makhleb.
   641 | D        | Found a bloodstained altar of Trog.
   642 | D        | Found a sparkling altar of Nemelex Xobeh.
   642 | D        | Found a hide-covered altar of Uskayaw.
   643 | D        | Found a basalt altar of Yredelemnul.
   644 | D        | Found an iron altar of Okawaru.
   644 | D        | Found a radiant altar of Vehumet.
   644 | D        | Found a glowing silver altar of Zin.
   644 | D        | Found a hazy altar of Hepliaklqana.
   644 | D        | Found a sacrificial altar of Ru.
   644 | D        | Found a shimmering altar of Xom.
   644 | D        | Noticed a hornet
   644 | D        | Noticed a polar bear
   645 | D        | Found a stormy altar of Qazlal.
   645 | D        | Found an ornate altar of the Wu Jian Council.
   645 | D        | Found a glowing golden altar of the Shining One.
   645 | D        | Noticed a yaktaur
   646 | D        | Noticed a polar bear
   658 | D        | Killed a polar bear
   658 | D        | Reached skill level 10 in Spellcasting
   659 | D        | Noticed a polar bear
   663 | D        | Killed a yaktaur
   663 | D        | Reached skill level 13 in Stealth
   663 | D        | Reached skill level 1 in Shields
   663 | D        | Reached skill level 1 in Conjurations
   663 | D        | Reached skill level 1 in Earth Magic
   667 | D        | Killed a polar bear
   674 | D        | Killed a polar bear
   674 | D        | Reached XP level 9. HP: 38/44 MP: 9/24
   697 | D        | Became a worshipper of Dithmenos the Shadowed
   711 | D        | Reached skill level 5 in Fighting
   714 | D        | Reached * piety under Dithmenos
   724 | D        | Reached skill level 14 in Stealth
   726 | D        | Reached skill level 10 in Short Blades
   727 | D        | Reached ** piety under Dithmenos
   735 | D        | Noticed a deep elf master archer
   738 | D        | Noticed a hell hog
   738 | D        | Noticed a hell hog
   741 | D        | Killed from afar by a hell hog

Vault maps used:
D:        the_violet_keep_of_menkaure

Skill      XL: |  1  2  3  4  5  6  7  8  9 |
---------------+----------------------------+-----
Fighting       | 2 3 4 5 |  5.2
Short Blades   | 4 5 7 8 9 10 | 10.0
Armour         | 1 2 3 4 |  4.8
Dodging        | 6 8 9 11 12 | 12.9
Stealth        | 7 9 11 12 13 14 | 14.2
Spellcasting   | 5 6 8 9 10 11 | 11.3
Hexes          | 5 6 7 8 |  8.6
Shields        | 1 2 |  2.2
Conjurations   | 1 2 |  2.3
Earth Magic    | 2 3 |  3.0

Action                   |  1- 3 |  4- 6 |  7- 9 || total
-------------------------+-------+-------+-------++-------
Melee: Dagger            |     9 |     5 |    51 ||    65
 Cast: Dazzling Spray    |       |     1 |     7 ||     8
       Corona            |       |     1 |       ||     1
       Ensorcelled Hiber |       |       |     9 ||     9
       Confuse           |       |       |     5 ||     5
  Use: Potion            |     1 |       |       ||     1
 Stab: Sleeping          |       |     1 |    15 ||    16
       Confused          |       |       |     7 ||     7
Armor: Robe              |       |       |     1 ||     1
Dodge: Dodged            |     2 |     1 |    45 ||    48
Block: Buckler           |       |       |     8 ||     8
